Map: Orbital Shipyard

Players

Depression - Winner!

  • Race: Zerg Zerg
  • League: Platinum

LilDicky

  • Race: Terran Terran
  • League: Diamond

VOD

http://www.twitch.tv/tumescentpie

Description

Time

  • Played on: Nov. 25, 2015, 7:28 p.m.
  • Length: 4:31
Show
View Real Time Build Order
Export as new Build Order

Depression Zerg - Winner!

Build Orders: 3 Hatch before Pool 

Get SALT Encoding   

  12  0:01  Drone  
  13  0:09  Drone  
  14  0:18  Overlord  
  14  0:32  Drone, Extractor  
  15  0:36  Drone x2  
  17  0:45  Drone  
  18  0:58  Drone  
  18  0:59  Hatchery  
  18  1:05  Drone  
  19  1:17  Drone  
  20  1:28  Drone  
  20  1:29  Hatchery  
  20  1:39  Spawning Pool  
  19  1:41  Drone  
  20  1:50  Drone  
  21  1:59  Overlord  
  21  2:11  Extractor  
  21  2:14  Drone  
  21  2:18  Drone  
  21  2:21  Drone  
  23  2:25  Queen x2  
  23  2:27  Drone  
  28  2:32  Drone  
  28  2:33  Drone  
  30  2:41  Queen  
  30  2:42  Drone x2  
  34  2:44  Drone  
  35  2:53  Drone  
  35  2:54  Drone x2  
  38  3:02  Overlord  
  38  3:05  Drone  
  39  3:13  Drone  
  39  3:15  Drone x2  
  42  3:25  Zergling x6  
  45  3:27  Drone  
  46  3:44  Drone x5, Baneling Nest  
  46  3:48  Extractor  
  49  3:51  Drone  
  50  3:56  Overlord x2  
  50  4:11  Overlord  
  50  4:12  Overlord  
  50  4:16  Drone x11  
Show
View Real Time Build Order
Export as new Build Order

LilDicky Terran 

Build Orders: Command Center First (CC) 

Get SALT Encoding   

  12  0:01  SCV  
  13  0:13  SCV  
  14  0:17  Supply Depot  
  14  0:25  SCV  
  15  0:39  SCV  
  16  0:51  SCV  
  17  1:01  Command Center  
  17  1:03  SCV  
  18  1:14  Barracks  
  18  1:19  SCV  
  19  1:26  Refinery  
  19  1:31  SCV  
  20  1:43  SCV  
  21  1:55  SCV  
  21  2:01  Marine  
  23  2:05  Supply Depot  
  23  2:07  Orbital Command  
  23  2:13  Orbital Command  
  23  2:21  Refinery  
  23  2:22  Marine  
  24  2:30  Factory  
  24  2:34  SCV  
  25  2:39  SCV  
  25  2:41  Marine  
  27  2:46  SCV  
  28  2:51  SCV  
  29  3:02  SCV  
  29  3:05  SCV  
  31  3:10  Marine  
  32  3:14  SCV  
  32  3:16  Factory Tech Lab  
  33  3:23  SCV  
  33  3:24  Starport  
  34  3:27  Marine  
  34  3:29  SCV  
  36  3:35  SCV  
  36  3:38  Cyclone  
  40  3:44  SCV  
  40  3:45  Marine  
  40  3:47  SCV  
  43  3:53  Command Center  
  43  3:54  Refinery x2  
  43  3:56  SCV  
  43  3:59  SCV  
  45  4:03  Marine  
  45  4:04  Supply Depot  
  45  4:07  Supply Depot  
Tags
 
Add a new tag
Caveats
  • Supply blocks, unpowered buildings, or Contaminate may cause inaccurate times.
  • Supply counts are checked every 10 seconds.